 Dungeon Crawl Stone Soup version 0.17-a0-1920-gafa4d75 (webtiles) character file.

100 mcbry74 the Sneak (level 5, -8/31 HPs)
             Began as a Kobold Assassin on Sept 27, 2015.
             Was an Initiate of Ru.
             Killed by divine providence
             ... invoked by an orc priest
              (12 damage)
             ... on level 2 of the Dungeon.
             The game lasted 00:12:00 (2165 turns).

mcbry74 the Sneak (Kobold Assassin)                 Turns: 2165, Time: 00:12:01

Health: -8/31      AC:  3    Str: 10    XL:     5   Next: 3%
Magic:  5/5        EV: 14    Int:  9    God:    Ru [......]
Gold:   94         SH:  0    Dex: 18    Spells: 0 memorised, 4 levels left

rFire  . . .     SeeInvis .     a - +2 dagger
rCold  . . .     Clarity  .     c - +0 robe
rNeg   . . .     SustAt   .     (shield restricted)
rPois  .         Gourm    .     (no helmet)
rElec  .         Spirit   .     d - +0 cloak
rCorr  .         Warding  .     (no gloves)
rMut   .         Stasis   .     (no boots)
MR     .....                    (no amulet)
Stlth  ++++......               (no ring)
                                (no ring)

@: not resistant to hostile enchantments, stealthy
A: carnivore 3
a: Renounce Religion


You were on level 2 of the Dungeon.
You worshipped Ru.
Ru was noncommittal.
You were full.

You visited 1 branch of the dungeon, and saw 3 of its levels.

You collected 94 gold pieces.

Inventory:

Hand weapons
 a - a +2 dagger (weapon)
 b - a +0 blowgun
Missiles
 i - 6 needles of slowing
Armour
 c - a +0 robe (worn)
 d - a +0 cloak (worn)
 q - a +2 buckler
Jewellery
 p - an uncursed ring of ice {unknown}
 s - a +4 ring of strength {unknown}
 v - an uncursed ring of wizardry {unknown}
 w - an uncursed ring of magical power {unknown}
 x - a +2 ring of dexterity {unknown}
Magical devices
 u - a wand of frost (28)
Scrolls
 h - a scroll of amnesia {unknown}
 j - 2 scrolls of remove curse {unknown}
 o - a scroll of enchant weapon {unknown}
 t - a scroll of teleportation {unknown}
 y - a scroll of identify {unknown}
Potions
 k - a potion of haste {unknown}
 l - a potion of magic {unknown}
 n - a potion of lignification {unknown}
 r - a potion of degeneration {unknown}
Comestibles
 m - 2 beef jerkies


   Skills:
 + Level 2.4 Fighting
 + Level 2.8 Short Blades
 + Level 4.0 Throwing
 + Level 1.6 Dodging
 + Level 7.2 Stealth


You had 4 spell levels left.
You didn't know any spells.

Dungeon Overview and Level Annotations

Branches:
Dungeon (3/15)

Altars:
Ru


Innate Abilities, Weirdness & Mutations

You are small and have problems with some larger weapons.
You are carnivorous and can eat meat at any time.


Message History

Aim: an orc priest, wielding a short sword You shoot a needle of slowing.
The needle of slowing closely misses the orc priest.
The orc closely misses you. x2
Firing (i - inventory):
i - 7 needles of slowing (quivered)
Press: ? - help, Shift-Dir - straight line, f/p - orc priest
Aim: an orc priest, wielding a short sword You shoot a needle of slowing.
The needle of slowing hits the orc priest.
The orc priest seems to slow down.
The orc priest barely misses you.
Quiver which item? (- for none, * to show all) (? for menu, Esc to quit)
Okay, then.
Wield which item (- for none, * to show all)? (? for menu, Esc to quit)
a - a +2 dagger (weapon)
The orc hits you but does no damage. The orc hits you with a flail.
* * * LOW HITPOINT WARNING * * *
You hit the orc priest but do no damage.
The orc priest calls down the wrath of Beogh upon you.
Something smites you!
You die...

##..<..).).....# #....>..####
........######.# #...).......
##.##...# #.# #.......####
#.###### #.# #....)..# #.# #.#
#.......# ##.# #.# #.......#
...# #.# #.......# ##)####
#.#########....## .#....#
#.o@o.....()....# .#.##.#
#.#o##.###..(.#.# .#.##.#
#.#.##..........#
...##)########.#.##..#######.#
............##.#(##..# #.####
..#............).##..# #.....
.#.##.#.#..>...####..# #.####
.####.#.#.#.##.# #..#######.#
.###........##.####..........#


You could see an orc priest and 2 orcs.

Vanquished Creatures
  Natasha (thrice) (D:2)
  3 adders (D:2)
  An ooze (D:2)
  2 bats (D:1)
  2 giant cockroaches
  6 goblins
  8 hobgoblins
  4 kobolds
  2 giant geckos
  A giant newt (D:2)
  4 rats
36 creatures vanquished.

Notes
Turn   | Place    | Note
--------------------------------------------------------------
     0 | D:1      | mcbry74 the Kobold Assassin began the quest for the Orb.
     0 | D:1      | Reached XP level 1. HP: 12/12 MP: 1/1
   144 | D:1      | Reached XP level 2. HP: 16/18 MP: 2/2
   907 | D:2      | Reached skill level 6 in Stealth
   907 | D:2      | Reached XP level 3. HP: 22/22 MP: 3/3
  1209 | D:2      | Noticed Natasha
  1223 | D:2      | Killed Natasha
  1223 | D:2      | Reached XP level 4. HP: 18/27 MP: 4/4
  1386 | D:2      | Noticed Natasha
  1390 | D:2      | Killed Natasha
  1390 | D:2      | Reached skill level 7 in Stealth
  1400 | D:2      | Noticed Natasha
  1404 | D:2      | Killed Natasha
  1553 | D:2      | Found a sacrificial altar of Ru.
  1618 | D:2      | Became a worshipper of Ru the Awakened
  1876 | D:2      | Reached XP level 5. HP: 17/31 MP: 5/5
  2165 | D:2      | Killed from afar by an orc priest

Vault maps used:
D:1:      ncdulo_lavacross
D:2:      nicolae_ru_awakened_eye, uniq_natasha
D:3:      grunt_temple_overflow_forces_of_nature, eino_curves_01, uniq_sigmund

Action                   |  1- 3 |  4- 6 || total
-------------------------+-------+-------++-------
Melee: Dagger            |     6 |    12 ||    18
 Fire: Blowgun           |    31 |    28 ||    59
 Stab: Sleeping          |    20 |     6 ||    26
       Distracted        |       |     1 ||     1
  Eat: Chunk             |     2 |       ||     2
       Meat ration       |       |     1 ||     1
